 Dungeon Crawl Stone Soup version 0.21.1-1-g345015f (webtiles) character file.

7752 tidbits the Martial Artist (level 11, 0/83 HPs)
             Began as a Gnoll Transmuter on Feb 9, 2018.
             Was an Elder of Cheibriados.
             Slain by an orc warrior
             ... wielding a +0 hand axe
              (14 damage)
             ... on level 1 of the Orcish Mines.
             The game lasted 00:34:12 (3066 turns).

tidbits the Martial Artist (Gnoll Transmuter)       Turns: 3066, Time: 00:34:13

Health: 0/83       AC:  7    Str: 22    XL:     11   Next: 20%
Magic:  21/22      EV: 20    Int: 34    God:    Cheibriados [****..]
Gold:   436        SH:  0    Dex: 28    Spells: 10/25 levels left

rFire    + + .     SeeInvis .   q - +10 hand axe "Kygerypn" {chop, Fragile +Fly rF+ Int+5}
rCold    . . .     Gourm    .   (no shield)
rNeg     . . .     Faith    .   B - +1 robe {rF+}
rPois    .         Spirit   .   (no helmet)
rElec    .         Reflect  .   C - +1 cloak
rCorr    .         Harm     .   (no gloves)
MR       .....     Rnd*Rage +   F - +0 pair of boots
Stlth    +++++.....             w - amulet of magic regeneration
HPRegen  0.23/turn              P - +3 ring of dexterity
MPRegen  0.43/turn              O - ring of stealth

@: appendage, very slow
A: distributed training, fangs 1, horns 2, berserk 1, clever 1, strong nose
a: End Transformation, Bend Time, Temporal Distortion, Slouch, Renounce
Religion, Evoke Flight


You were on level 1 of the Orcish Mines.
You worshipped Cheibriados.
Cheibriados was greatly pleased with you.
You were not hungry.
You had grown temporary horns.
You visited 3 branches of the dungeon, and saw 15 of its levels.
You also visited: Sewer.

You collected 916 gold pieces.
You spent 480 gold pieces at shops.

Inventory:

Hand Weapons
 a - a +0 dagger of venom
   (You took it off a kobold on level 3 of the Dungeon)
 h - a +0 dagger
 o - a +1 flail of holy wrath
   (You took it off Edmund on level 4 of the Dungeon)
 q - the +10 hand axe "Kygerypn" (weapon) {chop, Fragile +Fly rF+ Int+5}
   (You found it on level 4 of the Dungeon)

   It inflicts extra damage upon your enemies.
   It affects your intelligence (+5).
   It protects you from fire.
   It lets you fly.
   It will be destroyed if unequipped.
 r - a +1 whip of electrocution
   (You took it off an orc on level 5 of the Dungeon)
 y - a cursed -1 war axe
 D - a +2 long sword of electrocution
   (You found it on level 8 of the Dungeon)
 I - a +1 vampiric trident
   (You took it off an orc on level 8 of the Dungeon)
 M - a +0 short sword
 S - a +0 trident
 V - a +0 longbow
Missiles
 l - 55 stones
 m - 27 sling bullets
 s - 6 tomahawks of returning (quivered)
 u - 68 arrows
 x - 16 tomahawks
 N - 9 poisoned needles
 U - a throwing net {!f}
Armour
 B - a +1 robe of fire resistance (worn)
   (You took it off an orc wizard on level 9 of the Dungeon)
 C - a +1 cloak (worn)
 F - a +0 pair of boots (worn)
 G - a +0 robe
 K - a +0 ring mail
 T - a +0 shield
Jewellery
 k - an uncursed ring of flight
   (You took it off a crimson imp on level 6 of the Dungeon)
 w - an amulet of magic regeneration (around neck)
   (You found it on level 7 of the Dungeon)
 L - an uncursed amulet of the gourmand {unknown}
   (You found it on level 12 of the Dungeon)
 O - a ring of stealth (right hand)
   (You found it on level 8 of the Dungeon)
 P - a +3 ring of dexterity (left hand)
   (You found it on level 11 of the Dungeon)
Wands
 p - a wand of paralysis (24)
 Q - a wand of iceblast (7)
 R - a wand of acid (8)
Scrolls
 e - 3 scrolls of remove curse
 f - 3 scrolls of teleportation
 i - a scroll of blinking {unknown}
 j - 3 scrolls of fear {unknown}
 n - a scroll of immolation {unknown}
 t - a scroll of magic mapping
 E - 5 scrolls of enchant weapon
Potions
 b - a potion of curing
 g - 2 potions of berserk rage {unknown}
 v - a potion of brilliance
 z - 2 potions of heal wounds {unknown}
 A - 2 potions of agility {unknown}
 J - a potion of flight {unknown}
Books
 c - a book of Changes

   Spells                             Type                      Level
   a - Beastly Appendage              Transmutation                1
   b - Sticks to Snakes               Transmutation                2
   c - Spider Form                    Transmutation/Poison         3
   d - Ice Form                       Ice/Transmutation            4
   e - Blade Hands                    Transmutation                5
Comestibles
 d - 5 rations


   Skills:
 + Level 6.5 Fighting
 + Level 5.9 Short Blades
 + Level 5.9 Long Blades
 + Level 5.9 Axes
 + Level 5.9 Maces & Flails
 + Level 5.9 Polearms
 + Level 5.9 Staves
 + Level 5.9 Slings
 + Level 5.9 Bows
 + Level 5.9 Crossbows
 + Level 5.9 Throwing
 + Level 5.9 Armour
 + Level 7.6 Dodging
 + Level 5.9 Stealth
 + Level 5.9 Shields
 + Level 9.0 Unarmed Combat
 + Level 7.9 Spellcasting
 + Level 4.9 Conjurations
 + Level 4.9 Hexes
 + Level 4.9 Charms
 + Level 4.9 Summonings
 + Level 4.9 Necromancy
 + Level 4.9 Translocations
 + Level 6.3 Transmutations
 + Level 4.9 Fire Magic
 + Level 4.9 Ice Magic
 + Level 4.9 Air Magic
 + Level 4.9 Earth Magic
 + Level 4.9 Poison Magic
 + Level 6.5 Invocations
 + Level 5.9 Evocations


You had 10 spell levels left.
You knew the following spells:

 Your Spells              Type           Power        Failure   Level  Hunger
e - Beastly Appendage     Tmut           ######       1%          1    None
h - Blade Hands           Tmut           ######....   7%          5    ####...
i - Ice Form              Ice/Tmut       ######..     3%          4    None
k - Sticks to Snakes      Tmut           ######..     1%          2    None
p - Spider Form           Tmut/Pois      ######....   1%          3    None


Dungeon Overview and Level Annotations

Branches:
Dungeon (12/15)            Temple (1/1) D:6             Orc (2/2) D:11
    Elf (0/3) Orc:2
   Lair: D:8-11

Altars:
Ashenzari
Cheibriados
Dithmenos
Elyvilon
Fedhas
Gozag
Hepliaklqana
Kikubaaqudgha
Makhleb
Okawaru
Qazlal
Trog
Vehumet
Wu Jian
Xom
Zin
The Shining One

Shops:
Orc:1 }

Annotations:
D:5 Grinder


Innate Abilities, Weirdness & Mutations

Your experience applies equally to all skills.
You have very sharp teeth.
Your uncanny sense of smell can sniff out nearby items.
You have a pair of horns on your head.
You tend to lose your temper in combat.
Your mind is acute. (Int +2)


Message History

The two-headed ogre is almost dead.
You hit the warg. You closely miss the ogre. The warg completely misses you.
The ogre misses you.
Unknown command.
You hit the two-headed ogre.
You kill the two-headed ogre!
Cheibriados appreciates the change of pace.
You slash the ogre! You hit the warg. The warg closely misses you.
You hear a zap.
You suddenly lose the ability to move!
The warg barely misses you.
The ogre hits you with a giant spiked club!!
* * * LOW HITPOINT WARNING * * *
The warg bites you!
* * * LOW HITPOINT WARNING * * *
You hear a zap.
Something tries to affect you, but you resist.
You can move again.
Evoke which item? (* to show all) (? for menu, Esc to quit)
Okay, then.
Unknown command.
You can feel time thicken for a moment.
You kill the ogre!
Cheibriados appreciates the change of pace.
You kill the orc priest!
Cheibriados thoroughly appreciates the change of pace.
You feel somewhat more hungry.
Cheibriados lowers the support of your attributes as your movement quickens.
The warg closely misses you.
You hear a zap.
Something tries to affect you, but you resist.
You can feel time thicken for a moment.
You kill the warg!
Cheibriados thoroughly appreciates the change of pace.
Cheibriados appreciates the change of pace.
Your Unarmed Combat skill increases to level 9!
You feel a bit more experienced.
You feel somewhat more hungry.
Found 36 gold pieces.
Items here: $ ) / [ a short sword; a cloak; a wand of paralysis (15); 10 gold pieces
V - a cloak
p - a wand of paralysis (24) (gained 15 charges)
You now have 436 gold pieces (gained 10).
Wear which item? (? for menu, Esc to quit)
You start putting on your armour.
You continue putting on your cloak. x4
You finish putting on your +0 cloak.
Adjust (i)tems, (s)pells, or (a)bilities?
Adjust which item? (? for menu, Esc to quit)
V - a +0 cloak (worn)
Adjust to which letter? (? for menu, Esc to quit)
C - a +0 cloak (worn);
V - a longbow
As you read the scroll of enchant armour, it crumbles to dust.
Your +0 cloak glows green for a moment.
An ogre comes into view. It is wielding a giant club.
Unknown command.
Throwing (i - inventory. (,) - cycle):
s - 7 tomahawks of returning (quivered)
Press: ? - help, Shift-Dir - straight line, f - ogre
Aim: an ogre, wielding a giant club (hasn't noticed you)
You throw a tomahawk of returning. The ogre shouts!
The tomahawk of returning hits the ogre.
The ogre is lightly wounded.
The tomahawk of returning fails to return to your pack!
An orc warrior comes into view. It is wielding a hand axe.
Unknown command.
There is a stone staircase leading up, spattered with blood here.
Unknown command.
Throwing (i - inventory. (,) - cycle):
s - 6 tomahawks of returning (quivered)
Press: ? - help, Shift-Dir - straight line, f/p - ogre
Aim: an ogre, wielding a giant club (lightly wounded)
You throw a tomahawk of returning. The orc warrior shouts!
The tomahawk of returning hits the ogre!
The ogre is heavily wounded.
The tomahawk of returning returns to your pack! 2 orcs come into view.
Throwing (i - inventory. (,) - cycle):
s - 6 tomahawks of returning (quivered)
Press: ? - help, Shift-Dir - straight line, f/p - ogre
Aim: an ogre, wielding a giant club (heavily wounded)
You throw a tomahawk of returning.
The tomahawk of returning hits the ogre!
The ogre is severely wounded.
The tomahawk of returning returns to your pack!
Unknown command.
The orc warrior hits you with a hand axe.
* * * LOW HITPOINT WARNING * * *
You climb upwards.
There is a stone staircase leading down here.
Unknown command.
You slash the orc warrior! You headbutt the orc warrior!
The orc warrior is severely wounded.
The orc warrior closely misses you.
You barely miss the orc warrior. You headbutt the orc warrior.
The orc warrior is almost dead.
The orc warrior hits you with a hand axe.
* * * LOW HITPOINT WARNING * * *
You hit the orc warrior.
The orc warrior is almost dead.
The orc warrior hits you with a hand axe!
You die...

..............................#
.......#..................#...##.
.......................#.........
..#..#.#.........................
................................#
...)..................#...#.##.##
#.#.##................#......###
....[......##..o..........#.##
............#>..@........####
..>.......................#
#.............#.........)######
....#).......#...........).#∩.##
....)...#.................)))).#
........###.#....#........).[.##
.........###...........#..).###
##......## ##.#..#...........#
#.#.####.##.)#..........##.##


You could see an orc warrior.

Vanquished Creatures
  2 two-headed ogres
  A centaur warrior (D:11)
  Maurice (Orc:2)
  A gargoyle (D:11)
  2 kobold demonologists (D:11)
  2 hippogriffs
  A wyvern (D:11)
  A vampire (D:11)
  A hungry ghost (D:6)
  Edmund (D:4)
  A warg (Orc:2)
  Duvessa (D:7)
  An ice beast (D:7)
  A sky beast (D:7)
  6 orc warriors (Orc:1)
  A phantom (D:6)
  4 ogres
  A gnoll sergeant (Orc:1)
  3 bullfrogs
  Dowan (D:7)
  7 scorpions (D:11)
  2 howler monkeys
  4 crimson imps
  7 orc priests
  A jelly (D:7)
  3 hounds
  10 orc wizards
  9 worker ants
  2 iguanas (D:11)
  A hound zombie (D:6)
  8 gnolls
  7 adders
  2 river rats (D:3)
  2 shadow imps
  2 worms
  3 leopard geckos
  31 orcs
  A ball python (D:4)
  6 bats
  2 goblins (D:3)
  A hobgoblin (D:3)
  13 jackals
  A frilled lizard (D:3)
  A giant cockroach zombie (D:5)
  9 kobolds
  A leopard gecko skeleton (D:5)
  2 rats (D:3)
  4 fungi (D:11)
175 creatures vanquished.

Vanquished Creatures (collateral kills)
  A warg (Orc:1)
  Purgy (Sewer)
  An orc warrior (Orc:1)
  An ice beast (D:11)
  An ogre (Orc:1)
  A hound (D:9)
  An orc wizard (D:11)
  An orc priest (Orc:1)
  A gnoll (Orc:1)
  An adder (D:4)
  4 orcs
  A jackal (D:8)
  2 kobolds (Sewer)
17 creatures vanquished.

Grand Total: 192 creatures vanquished

Notes
Turn   | Place    | Note
-------+----------+-------------------------------------------
     0 | D:1      | tidbits the Gnoll Transmuter began the quest for the Orb.
     0 | D:1      | Reached XP level 1. HP: 17/17 MP: 6/6
    35 | D:2      | Reached XP level 2. HP: 18/23 MP: 7/7
    45 | D:2      | Learned a level 2 spell: Sticks to Snakes
   172 | D:3      | Reached XP level 3. HP: 26/28 MP: 9/9
   177 | D:3      | Learned a level 3 spell: Spider Form
   224 | D:3      | Reached skill level 5 in Spellcasting
   288 | D:3      | Reached skill level 1 in Invocations
   306 | D:3      | Reached skill level 1 in Short Blades
   306 | D:3      | Reached skill level 1 in Long Blades
   306 | D:3      | Reached skill level 1 in Axes
   306 | D:3      | Reached skill level 1 in Maces & Flails
   306 | D:3      | Reached skill level 1 in Polearms
   306 | D:3      | Reached skill level 1 in Staves
   306 | D:3      | Reached skill level 1 in Slings
   306 | D:3      | Reached skill level 1 in Bows
   306 | D:3      | Reached skill level 1 in Crossbows
   306 | D:3      | Reached skill level 1 in Throwing
   306 | D:3      | Reached skill level 1 in Armour
   306 | D:3      | Reached skill level 1 in Stealth
   306 | D:3      | Reached skill level 1 in Shields
   306 | D:3      | Reached skill level 1 in Evocations
   306 | D:3      | Reached XP level 4. HP: 31/34 MP: 7/11
   326 | D:3      | Found a glowing drain.
   330 | Sewer    | Entered a sewer
   389 | Sewer    | Noticed Purgy
   404 | Sewer    | Killed Purgy
   404 | Sewer    | Reached skill level 1 in Conjurations
   404 | Sewer    | Reached skill level 1 in Hexes
   404 | Sewer    | Reached skill level 1 in Charms
   404 | Sewer    | Reached skill level 1 in Summonings
   404 | Sewer    | Reached skill level 1 in Necromancy
   404 | Sewer    | Reached skill level 1 in Translocations
   404 | Sewer    | Reached skill level 1 in Fire Magic
   404 | Sewer    | Reached skill level 1 in Ice Magic
   404 | Sewer    | Reached skill level 1 in Air Magic
   404 | Sewer    | Reached skill level 1 in Earth Magic
   404 | Sewer    | Reached skill level 1 in Poison Magic
   404 | Sewer    | Reached XP level 5. HP: 39/40 MP: 8/12
   514 | D:4      | Reached skill level 3 in Fighting
   514 | D:4      | Reached skill level 4 in Transmutations
   517 | D:4      | Noticed Edmund
   608 | D:4      | Killed Edmund
   608 | D:4      | Reached skill level 5 in Dodging
   608 | D:4      | Reached skill level 2 in Invocations
   608 | D:4      | Reached XP level 6. HP: 30/47 MP: 3/14
   619 | D:4      | Got a brightly glowing hand axe
   639 | D:5      | Entered Level 5 of the Dungeon
   667 | D:5      | Reached skill level 2 in Short Blades
   667 | D:5      | Reached skill level 2 in Long Blades
   667 | D:5      | Reached skill level 2 in Axes
   667 | D:5      | Reached skill level 2 in Maces & Flails
   667 | D:5      | Reached skill level 2 in Polearms
   667 | D:5      | Reached skill level 2 in Staves
   667 | D:5      | Reached skill level 2 in Slings
   667 | D:5      | Reached skill level 2 in Bows
   667 | D:5      | Reached skill level 2 in Crossbows
   667 | D:5      | Reached skill level 2 in Throwing
   667 | D:5      | Reached skill level 2 in Armour
   667 | D:5      | Reached skill level 2 in Stealth
   667 | D:5      | Reached skill level 2 in Shields
   667 | D:5      | Reached skill level 2 in Evocations
   712 | D:6      | Noticed a phantom
   752 | D:6      | Found a staircase to the Ecumenical Temple.
   760 | Temple   | Entered the Ecumenical Temple
   850 | Temple   | Became a worshipper of Cheibriados the Contemplative
   917 | D:6      | Identified the +10 hand axe "Kygerypn" {chop, Fragile +Fly rF+ Int+5} (You found it on level 4 of the Dungeon)
   928 | D:6      | Killed a phantom
   928 | D:6      | Reached XP level 7. HP: 34/52 MP: 15/15
   943 | D:6      | Noticed a hippogriff
   992 | D:6      | Killed a hippogriff
   992 | D:6      | Reached skill level 7 in Unarmed Combat
   992 | D:6      | Reached skill level 2 in Conjurations
   992 | D:6      | Reached skill level 2 in Hexes
   992 | D:6      | Reached skill level 2 in Charms
   992 | D:6      | Reached skill level 2 in Summonings
   992 | D:6      | Reached skill level 2 in Necromancy
   992 | D:6      | Reached skill level 2 in Translocations
   992 | D:6      | Reached skill level 2 in Fire Magic
   992 | D:6      | Reached skill level 2 in Ice Magic
   992 | D:6      | Reached skill level 2 in Air Magic
   992 | D:6      | Reached skill level 2 in Earth Magic
   992 | D:6      | Reached skill level 2 in Poison Magic
   999 | D:6      | Learned a level 4 spell: Ice Form
  1005 | D:6      | Learned a level 5 spell: Blade Hands
  1063 | D:5      | Noticed Grinder
  1064 | D:5      | Gained mutation: You tend to lose your temper in combat. [potion of mutation]
  1064 | D:5      | Gained mutation: Your mind is acute. (Int +2) [potion of mutation]
  1118 | D:6      | Reached skill level 3 in Invocations
  1203 | D:6      | Reached XP level 8. HP: 53/60 MP: 14/16
  1251 | D:6      | Reached skill level 4 in Fighting
  1251 | D:6      | Reached skill level 3 in Short Blades
  1251 | D:6      | Reached skill level 3 in Long Blades
  1251 | D:6      | Reached skill level 3 in Axes
  1251 | D:6      | Reached skill level 3 in Maces & Flails
  1251 | D:6      | Reached skill level 3 in Polearms
  1251 | D:6      | Reached skill level 3 in Staves
  1251 | D:6      | Reached skill level 3 in Slings
  1251 | D:6      | Reached skill level 3 in Bows
  1251 | D:6      | Reached skill level 3 in Crossbows
  1251 | D:6      | Reached skill level 3 in Throwing
  1251 | D:6      | Reached skill level 3 in Armour
  1251 | D:6      | Reached skill level 3 in Stealth
  1251 | D:6      | Reached skill level 3 in Shields
  1251 | D:6      | Reached skill level 3 in Evocations
  1286 | D:6      | Found a hazy altar of Hepliaklqana.
  1353 | D:7      | Reached skill level 6 in Spellcasting
  1401 | D:7      | Found a white marble altar of Elyvilon.
  1437 | D:7      | Noticed Dowan
  1439 | D:7      | Noticed Duvessa
  1450 | D:7      | Killed Duvessa
  1450 | D:7      | Reached * piety under Cheibriados
  1458 | D:7      | Killed Dowan
  1498 | D:7      | Found a white marble altar of Elyvilon.
  1648 | D:7      | Reached skill level 4 in Invocations
  1708 | D:7      | Reached skill level 3 in Conjurations
  1708 | D:7      | Reached skill level 3 in Hexes
  1708 | D:7      | Reached skill level 3 in Charms
  1708 | D:7      | Reached skill level 3 in Summonings
  1708 | D:7      | Reached skill level 3 in Necromancy
  1708 | D:7      | Reached skill level 3 in Translocations
  1708 | D:7      | Reached skill level 3 in Fire Magic
  1708 | D:7      | Reached skill level 3 in Ice Magic
  1708 | D:7      | Reached skill level 3 in Air Magic
  1708 | D:7      | Reached skill level 3 in Earth Magic
  1708 | D:7      | Reached skill level 3 in Poison Magic
  1840 | D:8      | Reached skill level 6 in Dodging
  1840 | D:8      | Reached XP level 9. HP: 58/66 MP: 18/18
  1858 | D:9      | Reached skill level 5 in Transmutations
  1891 | D:8      | Reached ** piety under Cheibriados
  1931 | D:9      | Reached skill level 4 in Short Blades
  1931 | D:9      | Reached skill level 4 in Long Blades
  1931 | D:9      | Reached skill level 4 in Axes
  1931 | D:9      | Reached skill level 4 in Maces & Flails
  1931 | D:9      | Reached skill level 4 in Polearms
  1931 | D:9      | Reached skill level 4 in Staves
  1931 | D:9      | Reached skill level 4 in Slings
  1931 | D:9      | Reached skill level 4 in Bows
  1931 | D:9      | Reached skill level 4 in Crossbows
  1931 | D:9      | Reached skill level 4 in Throwing
  1931 | D:9      | Reached skill level 4 in Armour
  1931 | D:9      | Reached skill level 4 in Stealth
  1931 | D:9      | Reached skill level 4 in Shields
  1931 | D:9      | Reached skill level 4 in Evocations
  2101 | D:10     | Entered Level 10 of the Dungeon
  2174 | D:11     | Noticed a kobold demonologist
  2202 | D:11     | Noticed a kobold demonologist
  2210 | D:11     | Noticed an ice devil
  2212 | D:11     | Killed a kobold demonologist
  2212 | D:11     | Reached skill level 5 in Fighting
  2218 | D:11     | Killed a kobold demonologist
  2218 | D:11     | Reached skill level 8 in Unarmed Combat
  2241 | D:11     | Found a staircase to the Orcish Mines.
  2246 | D:11     | Noticed a centaur warrior
  2256 | D:11     | Reached *** piety under Cheibriados
  2259 | D:11     | Killed a centaur warrior
  2259 | D:11     | Reached skill level 7 in Spellcasting
  2259 | D:11     | Reached skill level 5 in Invocations
  2259 | D:11     | Reached XP level 10. HP: 13/74 MP: 20/20
  2384 | D:11     | Reached skill level 4 in Conjurations
  2384 | D:11     | Reached skill level 4 in Hexes
  2384 | D:11     | Reached skill level 4 in Charms
  2384 | D:11     | Reached skill level 4 in Summonings
  2384 | D:11     | Reached skill level 4 in Necromancy
  2384 | D:11     | Reached skill level 4 in Translocations
  2384 | D:11     | Reached skill level 4 in Fire Magic
  2384 | D:11     | Reached skill level 4 in Ice Magic
  2384 | D:11     | Reached skill level 4 in Air Magic
  2384 | D:11     | Reached skill level 4 in Earth Magic
  2384 | D:11     | Reached skill level 4 in Poison Magic
  2457 | D:12     | Noticed a red ugly thing
  2462 | D:12     | Noticed a white ugly thing
  2535 | D:11     | Reached skill level 5 in Short Blades
  2535 | D:11     | Reached skill level 5 in Long Blades
  2535 | D:11     | Reached skill level 5 in Axes
  2535 | D:11     | Reached skill level 5 in Maces & Flails
  2535 | D:11     | Reached skill level 5 in Polearms
  2535 | D:11     | Reached skill level 5 in Staves
  2535 | D:11     | Reached skill level 5 in Slings
  2535 | D:11     | Reached skill level 5 in Bows
  2535 | D:11     | Reached skill level 5 in Crossbows
  2535 | D:11     | Reached skill level 5 in Throwing
  2535 | D:11     | Reached skill level 5 in Armour
  2535 | D:11     | Reached skill level 5 in Stealth
  2535 | D:11     | Reached skill level 5 in Shields
  2535 | D:11     | Reached skill level 5 in Evocations
  2545 | D:11     | Noticed a gargoyle
  2550 | D:11     | Killed a gargoyle
  2598 | D:11     | Reached skill level 7 in Dodging
  2683 | D:11     | Noticed a two-headed ogre
  2690 | D:11     | Killed a two-headed ogre
  2690 | D:11     | Reached skill level 6 in Fighting
  2706 | Orc:1    | Entered Level 1 of the Orcish Mines
  2713 | Orc:1    | Reached **** piety under Cheibriados
  2713 | Orc:1    | Reached skill level 6 in Transmutations
  2713 | Orc:1    | Reached skill level 6 in Invocations
  2905 | Orc:1    | Found Cugrat's Gadget Emporium.
  2934 | Orc:1    | Bought a wand of iceblast (12) for 192 gold pieces
  2934 | Orc:1    | Bought a wand of acid (8) for 288 gold pieces
  2947 | Orc:1    | Reached XP level 11. HP: 24/82 MP: 22/22
  3035 | Orc:2    | Entered Level 2 of the Orcish Mines
  3035 | Orc:2    | Found a staircase to the Elven Halls.
  3035 | Orc:2    | Noticed Maurice
  3035 | Orc:2    | Noticed a two-headed ogre
  3043 | Orc:2    | Killed a two-headed ogre
  3043 | Orc:2    | Paralysed by something for 3 turns
  3047 | Orc:2    | Killed Maurice
  3047 | Orc:2    | Reached skill level 9 in Unarmed Combat
  3066 | Orc:1    | Slain by an orc warrior

Skill      XL: |  1  2  3  4  5  6  7  8  9 10 11 |
---------------+----------------------------------+-----
Spellcasting   | 5 6 7 |  7.9
Invocations    | 1 2 3 4 5 6 |  6.5
Short Blades   | 1 2 3 4 5 |  5.9
Long Blades    | 1 2 3 4 5 |  5.9
Axes           | 1 2 3 4 5 |  5.9
Maces & Flails | 1 2 3 4 5 |  5.9
Polearms       | 1 2 3 4 5 |  5.9
Staves         | 1 2 3 4 5 |  5.9
Slings         | 1 2 3 4 5 |  5.9
Bows           | 1 2 3 4 5 |  5.9
Crossbows      | 1 2 3 4 5 |  5.9
Throwing       | 1 2 3 4 5 |  5.9
Armour         | 1 2 3 4 5 |  5.9
Stealth        | 1 2 3 4 5 |  5.9
Shields        | 1 2 3 4 5 |  5.9
Evocations     | 1 2 3 4 5 |  5.9
Conjurations   | 1 2 3 4 |  4.9
Hexes          | 1 2 3 4 |  4.9
Charms         | 1 2 3 4 |  4.9
Summonings     | 1 2 3 4 |  4.9
Necromancy     | 1 2 3 4 |  4.9
Translocations | 1 2 3 4 |  4.9
Fire Magic     | 1 2 3 4 |  4.9
Ice Magic      | 1 2 3 4 |  4.9
Air Magic      | 1 2 3 4 |  4.9
Earth Magic    | 1 2 3 4 |  4.9
Poison Magic   | 1 2 3 4 |  4.9
Fighting       | 3 4 5 6 |  6.5
Transmutations | 4 5 6 |  6.3
Dodging        | 5 6 7 |  7.6
Unarmed Combat | 7 8 9 |  9.0

Action                   |  1- 3 |  4- 6 |  7- 9 | 10-12 || total
-------------------------+-------+-------+-------+-------++-------
Melee: Unarmed           |    47 |    51 |    66 |     7 ||   171
       Headbutt          |     3 |       |    13 |    28 ||    44
       Bite              |     1 |     1 |     7 |    19 ||    28
       Dagger            |       |     8 |       |       ||     8
       Kick              |       |     2 |     7 |       ||     9
       Hand axe          |       |     9 |    92 |   102 ||   203
       Punch             |       |       |     3 |     9 ||    12
Throw: Stone             |       |       |     2 |       ||     2
       Tomahawk          |       |       |     8 |     7 ||    15
 Cast: Beastly Appendage |     8 |     2 |    13 |    11 ||    34
       Sticks to Snakes  |     1 |     7 |    12 |    13 ||    33
       Spider Form       |     3 |     9 |     9 |       ||    21
       Blade Hands       |       |       |       |     2 ||     2
Invok: Slouch            |       |       |       |     2 ||     2
       Bend Time         |       |       |       |     1 ||     1
 Abil: End Transformatio |       |       |     1 |       ||     1
Evoke: Wand              |       |       |     2 |     8 ||    10
  Use: Scroll            |       |     2 |     4 |     2 ||     8
       Potion            |       |     1 |     3 |     2 ||     6
 Stab: Invisible         |       |     2 |       |     2 ||     4
       Sleeping          |       |     2 |     4 |     7 ||    13
       Distracted        |       |       |     1 |     1 ||     2
       Paralysed         |       |       |     5 |     6 ||    11
  Eat: Chunk             |       |     1 |     4 |     2 ||     7
       Ration            |       |       |       |     1 ||     1
Armor: Robe              |     7 |     2 |    10 |     6 ||    25
       Skin              |       |     3 |     3 |       ||     6
Dodge: Dodged            |    36 |    83 |   150 |    90 ||   359

Table legend:
 A = Turns spent in this place as a percentage of turns spent in the entire game.
 B = Non-inter-level travel turns spent in this place as a percentage of non-inter-level travel turns spent in the entire game.
 C = Inter-level travel turns spent in this place as a percentage of turns spent in this place.
 D = Turns resting spent in this place as a percentage of non-inter-level travel turns spent in this place.
 E = Turns spent auto-exploring this place as a percentage of non-inter-level travel turns spent in this place.
 F = Non-inter-level travel turns spent in this place divided by the number of levels of this place that you've seen.
                   A       B       C       D       E      F
               +-------+-------+-------+-------+-------+----------------------
         Total | 100.0 | 100.0 |   3.0 |   0.0 |   0.0 | 185.8
       Dungeon |  79.5 |  79.4 |   3.2 |   0.0 |   0.0 | 196.8
        Temple |   4.7 |   4.3 |  10.4 |   0.0 |   0.0 | 129.0
  Orcish Mines |  11.7 |  12.1 |   0.0 |   0.0 |   0.0 | 180.0
         Sewer |   4.0 |   4.1 |   0.0 |   0.0 |   0.0 | 123.0
               +-------+-------+-------+-------+-------+----------------------

Table legend:
 A = Kills in this place as a percentage of kills in entire the game.
 B = Kills by you in this place as a percentage of kills by you in the entire game.
 C = Kills by friends in this place as a percentage of kills by friends in the entire game.
 D = Other kills in this place as a percentage of other kills in the entire game.
 E = Experience gained in this place as a percentage of experience gained in the entire game.
 F = Experience gained in this place divided by the number of levels of this place that you have seen.
                   A       B       C       D       E      F
               +-------+-------+-------+-------+-------+----------------------
         Total | 100.0 | 100.0 | 100.0 |   N/A | 100.0 | 692.2
       Dungeon |  72.9 |  75.4 |  47.1 |   N/A |  67.9 | 626.8
  Orcish Mines |  23.9 |  22.8 |  35.3 |   N/A |  31.0 | 1714.5
         Sewer |   3.2 |   1.8 |  17.6 |   N/A |   1.1 | 124.0
               +-------+-------+-------+-------+-------+----------------------

Vault maps used:
D:1:      evilmike_arrival_crescent, kennysheep_boxes
D:2:      kennysheep_six_static_rooms
D:3:      gup_sewer_entry_spiral
D:4:      first_ration, uniq_edmund, uniq_natasha
D:5:      uniq_grinder
D:6:      kennysheep_mini, minmay_temple_entry_mist, minmay_crystal_room
D:7:      led_sif_pool, amethyst_overflow_temple_binary, elyvilon_altar_4,
          uniq_duvessa, uniq_joseph
D:8:      uniq_grum
D:10:     serial_shops, shop_fountains, shop, the_bakery
D:11:     old_forge, lair_entry_dummy, grunt_decor_fettered,
          nicolae_ashenzari_panopticon
D:12:     serial_shops, shop, nicolae_shop_waterfront, minmay_misc_feat_roman,
          grunt_decor_one_mirror, hangedman_misty_isle
Temple:   dpeg_five_rooms_temple
Orc:1:    serial_shops, shop, nicolae_orc_lava_room
Orc:2:    grunt_orc_community_town_hall, grunt_orc_community_big_house_1,
          grunt_orc_community_big_house_2, grunt_orc_community_house_1,
          grunt_orc_community_house_3, grunt_orc_community_house_1,
          grunt_orc_community_house_3, grunt_orc_community_house_1,
          special_room, uniq_maurice
Sewer:    sewer_the_crocodile
